TOP OF THE 1ST |
Culver City Extras batting - Pitching for La Crosse Loggers : LHP Manuel Perea
|
Pitching: LHP Manuel Perea
|
|
Batting: RHB Augusto Trevino
|
0-0: Swinging Strike 0-1: Ball 1-1: Ball 2-1: Ball 3-1: Called Strike 3-2: Base on Balls
|
Batting: RHB Horace Johnson
|
0-0: Called Strike 0-1: Swinging Strike 0-2: Foul Ball, location: 2F 0-2: Foul Ball, location: 2F 0-2: Strikes out swinging
|
Batting: RHB Ramón Molina
|
0-0: Ball 1-0: Foul Ball, location: 2F 1-1: Ball Pickoff Throw by Catcher to First - Error! E2 Augusto Trevino to second 2-1: Ball 3-1: Base on Balls
|
Batting: RHB Tony Cruz
|
0-0: Foul Ball, location: 2F 0-1: Ball 1-1: Foul Ball, location: 2F 1-2: Ball 2-2: 3-RUN HOME RUN (Flyball, 78XD), Distance : 394 ft
|
Batting: RHB Cooper Richard
|
0-0: Foul Ball, location: 2F 0-1: Swinging Strike 0-2: Ball 1-2: Foul Ball, location: 2F 1-2: Strikes out swinging
|
Batting: RHB Bob Magee
|
0-0: Ball 1-0: Ball 2-0: Ball 3-0: Base on Balls
|
Batting: LHB Richard Bell
|
0-0: Foul Ball, location: 2F 0-1: Foul Ball, location: 2F 0-2: Strikes out looking
|
Top of the 1st over - 3 run(s), 1 hit(s), 1 error(s), 1 left on base; Culver City 3 - La Crosse 0 |
BOTTOM OF THE 1ST |
La Crosse Loggers batting - Pitching for Culver City Extras : RHP Luis Ramírez
|
Pitching: RHP Luis Ramírez
|
|
Batting: RHB Aurelio Cruz
|
0-0: Ground out 4-3 (Groundball, 4S)
|
Batting: SHB José González
|
0-0: Called Strike 0-1: Swinging Strike 0-2: Strikes out swinging
|
Batting: LHB Ramón Morales
|
0-0: Ball 1-0: Reached on error, E3 (Groundball, 3)
|
Batting: RHB Danny Campbell
|
0-0: Ball 1-0: Called Strike 1-1: Ball 2-1: Ball 3-1: Base on Balls Ramón Morales to second
|
Batting: RHB Júlio Sánchez
|
0-0: Ball 1-0: Ball 2-0: Foul Ball, location: 2F 2-1: Fly out, F8 (Flyball, 8RS)
|
Bottom of the 1st over - 0 run(s), 0 hit(s), 1 error(s), 2 left on base; Culver City 3 - La Crosse 0 |
TOP OF THE 2ND |
Culver City Extras batting - Pitching for La Crosse Loggers : LHP Manuel Perea
|
Batting: RHB Pancho Reyna
|
0-0: Called Strike 0-1: Ball 1-1: Foul Ball, location: 2F 1-2: Fly out, F8 (Flyball, 78M)
|
Batting: LHB Randy Wiggins
|
0-0: Fly out, F9 (Flyball, 9LM)
|
Batting: RHB Augusto Trevino
|
0-0: Ball 1-0: Ball 2-0: Ball 3-0: Called Strike 3-1: Called Strike 3-2: Base on Balls
|
Batting: RHB Horace Johnson
|
0-0: Called Strike 0-1: Ball 1-1: Swinging Strike 1-2: Ball 2-2: Ball Augusto Trevino is caught stealing 2nd base
|
Top of the 2nd over - 0 run(s), 0 hit(s), 0 error(s), 0 left on base; Culver City 3 - La Crosse 0 |
BOTTOM OF THE 2ND |
La Crosse Loggers batting - Pitching for Culver City Extras : RHP Luis Ramírez
|
Batting: LHB Ralph Cobb
|
0-0: Ball 1-0: Ball 2-0: Called Strike 2-1: Foul Ball, location: 2F 2-2: Strikes out swinging
|
Batting: RHB Mark Arnold
|
0-0: Called Strike 0-1: Swinging Strike 0-2: Ball 1-2: Ball 2-2: Foul Ball, location: 2F 2-2: Strikes out swinging
|
Batting: RHB Juan García
|
0-0: Ball 1-0: Ball 2-0: SINGLE (Groundball, 4) (infield hit)
|
Batting: RHB Peter Bryant
|
0-0: Ball 1-0: Called Strike 1-1: Foul Ball, location: 2F 1-2: Foul Ball, location: 2F 1-2: Ball 2-2: DOUBLE (Line Drive, 7LD) Juan García to third Runner from 3rd tries for Home, SAFE, no throw
|
Batting: RHB Aurelio Cruz
|
0-0: Ground out U3 (Groundball, 3)
|
Bottom of the 2nd over - 1 run(s), 2 hit(s), 0 error(s), 1 left on base; Culver City 3 - La Crosse 1 |
TOP OF THE 3RD |
Culver City Extras batting - Pitching for La Crosse Loggers : LHP Manuel Perea
|
Batting: RHB Horace Johnson
|
0-0: Called Strike 0-1: Called Strike 0-2: Fly out, F4 (Line Drive, 4)
|
Batting: RHB Ramón Molina
|
0-0: Ball 1-0: Ball 2-0: Ball 3-0: Base on Balls
|
Batting: RHB Tony Cruz
|
0-0: SINGLE (Line Drive, 4D) Ramón Molina to second Runner from 2nd tries for 3rd, SAFE, throw made to third
|
Batting: RHB Cooper Richard
|
0-0: Swinging Strike 0-1: Ball 1-1: Ball 2-1: Ball 3-1: Fly out, F7 (Flyball, 7) Runner from 3rd tags up, SCORES, throw made
|
Batting: RHB Bob Magee
|
0-0: Ball 1-0: Fly out, F8 (Flyball, 8RD)
|
Top of the 3rd over - 1 run(s), 1 hit(s), 0 error(s), 1 left on base; Culver City 4 - La Crosse 1 |
BOTTOM OF THE 3RD |
La Crosse Loggers batting - Pitching for Culver City Extras : RHP Luis Ramírez
|
Batting: SHB José González
|
0-0: Called Strike 0-1: Called Strike 0-2: Ball 1-2: Strikes out swinging
|
Batting: LHB Ramón Morales
|
0-0: Foul Ball, location: 2F 0-1: Called Strike 0-2: Strikes out swinging
|
Batting: RHB Danny Campbell
|
0-0: Ball 1-0: Fly out, F7 (Line Drive, 7)
|
Bottom of the 3rd over - 0 run(s), 0 hit(s), 0 error(s), 0 left on base; Culver City 4 - La Crosse 1 |
TOP OF THE 4TH |
Culver City Extras batting - Pitching for La Crosse Loggers : LHP Manuel Perea
|
Batting: LHB Richard Bell
|
0-0: DOUBLE (Flyball, 9LM)
|
Batting: RHB Pancho Reyna
|
0-0: Called Strike 0-1: Ball 1-1: SINGLE (Flyball, 78S) Richard Bell to third
|
Batting: LHB Randy Wiggins
|
0-0: Ball 1-0: Fly out, F5 (Popup, 5)
|
Batting: RHB Augusto Trevino
|
0-0: Ball 1-0: Foul Ball, location: 2F 1-1: Ball 2-1: Foul Ball, location: 2F 2-2: Ball 3-2: Fly out, F8 (Flyball, 8LM) Runner from 3rd tags up, SCORES, throw made
|
Batting: RHB Horace Johnson
|
0-0: Called Strike 0-1: Ball 1-1: Ball 2-1: Swinging Strike 2-2: Ball 3-2: Base on Balls Pancho Reyna to second
|
Batting: RHB Ramón Molina
|
0-0: Foul Ball, location: 2F 0-1: Foul Ball, location: 2F 0-2: Ball 1-2: Strikes out swinging
|
Top of the 4th over - 1 run(s), 2 hit(s), 0 error(s), 2 left on base; Culver City 5 - La Crosse 1 |
BOTTOM OF THE 4TH |
La Crosse Loggers batting - Pitching for Culver City Extras : RHP Luis Ramírez
|
Batting: RHB Júlio Sánchez
|
0-0: Called Strike 0-1: Called Strike 0-2: Ball 1-2: SINGLE (Line Drive, 56D)
|
Batting: LHB Ralph Cobb
|
0-0: SINGLE (Groundball, 34) (infield hit) Júlio Sánchez to second
|
Batting: RHB Mark Arnold
|
0-0: Called Strike 0-1: Swinging Strike 0-2: Ball 1-2: Strikes out swinging
|
Pitching: RHP Juan Fonseca
|
|
Batting: RHB Juan García
|
0-0: Swinging Strike 0-1: Ball 1-1: Swinging Strike 1-2: Foul Ball, location: 2F 1-2: Strikes out swinging
|
Batting: RHB Peter Bryant
|
0-0: Swinging Strike 0-1: Foul Ball, location: 2F 0-2: Ground out 5-3 (Groundball, 56)
|
Bottom of the 4th over - 0 run(s), 2 hit(s), 0 error(s), 2 left on base; Culver City 5 - La Crosse 1 |
TOP OF THE 5TH |
Culver City Extras batting - Pitching for La Crosse Loggers : LHP Manuel Perea
|
Pitching: RHP Christian Adkins
|
|
Batting: RHB Tony Cruz
|
0-0: Ball 1-0: Called Strike 1-1: Ball 2-1: Ball 3-1: Base on Balls
|
Batting: RHB Cooper Richard
|
0-0: Called Strike 0-1: Ball 1-1: Foul Ball, location: 2F 1-2: Ball 2-2: Foul Ball, location: 2F 2-2: Strikes out swinging
|
Batting: RHB Bob Magee
|
0-0: Ball 1-0: Ball 2-0: SINGLE (Groundball, 34D) Tony Cruz to second Runner from 2nd tries for 3rd, SAFE, throw made to third
|
Batting: LHB Richard Bell
|
0-0: Called Strike 0-1: Ball 1-1: Foul Ball, location: 2F 1-2: Ball 2-2: Foul Ball, location: 2F 2-2: Strikes out swinging
|
Batting: RHB Pancho Reyna
|
0-0: Called Strike 0-1: Foul Ball, location: 2F 0-2: Strikes out looking
|
Top of the 5th over - 0 run(s), 1 hit(s), 0 error(s), 2 left on base; Culver City 5 - La Crosse 1 |
BOTTOM OF THE 5TH |
La Crosse Loggers batting - Pitching for Culver City Extras : RHP Juan Fonseca
|
Batting: RHB Aurelio Cruz
|
0-0: Called Strike 0-1: SINGLE (Groundball, 56) (infield hit)
|
Batting: SHB José González
|
0-0: Ball 1-0: Called Strike 1-1: Ground out 6-3 (Groundball, 56D) Aurelio Cruz to second
|
Batting: LHB Ramón Morales
|
0-0: Ball 1-0: Foul Ball, location: 2F 1-1: Called Strike 1-2: Foul Ball, location: 2F 1-2: SINGLE (Line Drive, 7S) Aurelio Cruz to third
|
Batting: RHB Danny Campbell
|
0-0: Swinging Strike 0-1: Ball 1-1: Ball 2-1: Foul Ball, location: 2F 2-2: Foul Ball, location: 2F 2-2: Fly out, F9 (Flyball, 89S) Runner from 3rd tags up, SCORES, no throw
|
Batting: RHB Júlio Sánchez
|
0-0: Ball Ramón Morales is caught stealing 2nd base
|
Bottom of the 5th over - 1 run(s), 2 hit(s), 0 error(s), 0 left on base; Culver City 5 - La Crosse 2 |
TOP OF THE 6TH |
Culver City Extras batting - Pitching for La Crosse Loggers : RHP Christian Adkins
|
Batting: LHB Randy Wiggins
|
0-0: Ball 1-0: Foul Ball, location: 2F 1-1: Ball 2-1: Ball 3-1: Called Strike 3-2: Foul Ball, location: 2F 3-2: Foul Ball, location: 2F 3-2: Base on Balls
|
Batting: RHB Augusto Trevino
|
0-0: Ball Randy Wiggins steals 2nd base 1-0: Foul Ball, location: 2F 1-1: Swinging Strike 1-2: Foul Ball, location: 2F 1-2: Foul Ball, location: 2F 1-2: Foul Ball, location: 2F 1-2: Ball 2-2: Fly out, F8 (Flyball, 8RM)
|
Batting: RHB Horace Johnson
|
0-0: Called Strike 0-1: Ball 1-1: Foul Ball, location: 2F 1-2: Foul Ball, location: 2F 1-2: Ball 2-2: Foul Ball, location: 2F 2-2: Fly out, F1 (Line Drive, 13)
|
Batting: RHB Ramón Molina
|
0-0: Foul Ball, location: 2F 0-1: Swinging Strike 0-2: Ball 1-2: Ball 2-2: Ball 3-2: Strikes out swinging
|
Top of the 6th over - 0 run(s), 0 hit(s), 0 error(s), 1 left on base; Culver City 5 - La Crosse 2 |
BOTTOM OF THE 6TH |
La Crosse Loggers batting - Pitching for Culver City Extras : RHP Juan Fonseca
|
Batting: RHB Júlio Sánchez
|
0-0: Called Strike 0-1: Ball 1-1: Ball 2-1: Called Strike 2-2: Ball 3-2: Ground out 6-3 (Groundball, 6)
|
Batting: LHB Ralph Cobb
|
0-0: Ball 1-0: Ball 2-0: Called Strike 2-1: Foul Ball, location: 2F 2-2: Strikes out swinging
|
Pitching: LHP Phil Paul
|
|
Batting: RHB Mark Arnold
|
0-0: Swinging Strike 0-1: Foul Ball, location: 2F 0-2: Strikes out swinging
|
Bottom of the 6th over - 0 run(s), 0 hit(s), 0 error(s), 0 left on base; Culver City 5 - La Crosse 2 |
TOP OF THE 7TH |
Culver City Extras batting - Pitching for La Crosse Loggers : RHP Christian Adkins
|
Pitching: LHP Luis Alemán
|
|
Batting: RHB Tony Cruz
|
0-0: Ball 1-0: Ball 2-0: Ball 3-0: Fly out, F9 (Flyball, 89S)
|
Batting: RHB Cooper Richard
|
0-0: Ball 1-0: Ball 2-0: Foul Ball, location: 2F 2-1: Called Strike 2-2: Foul Ball, location: 2F 2-2: Foul Ball, location: 2F 2-2: SINGLE (Groundball, 6D)
|
Batting: RHB Bob Magee
|
0-0: Called Strike 0-1: Ball 1-1: Called Strike 1-2: Fielders Choice at 2nd, 6-4 (Groundball, 6)
|
Batting: LHB Richard Bell
|
0-0: Called Strike 0-1: Foul Ball, location: 2F 0-2: Strikes out swinging
|
Top of the 7th over - 0 run(s), 1 hit(s), 0 error(s), 1 left on base; Culver City 5 - La Crosse 2 |
BOTTOM OF THE 7TH |
La Crosse Loggers batting - Pitching for Culver City Extras : LHP Phil Paul
|
Batting: RHB Juan García
|
0-0: Swinging Strike 0-1: Hit by Pitch
|
Batting: RHB Peter Bryant
|
0-0: Fielders Choice at 2nd, 4-6 (Groundball, 4)
|
Batting: RHB Aurelio Cruz
|
0-0: Ball 1-0: Called Strike 1-1: Swinging Strike 1-2: Ball 2-2: Strikes out swinging
|
Batting: SHB José González
|
0-0: Ball 1-0: Ball 2-0: Called Strike 2-1: Foul Ball, location: 2F 2-2: SINGLE (Line Drive, 4MD) Peter Bryant to second Runner from 2nd tries for 3rd, SAFE, no throw
|
Batting: LHB Ramón Morales
|
0-0: Ball 1-0: DOUBLE (Line Drive, 78M) Peter Bryant scores José González to third Runner from 3rd tries for Home, throw and OUT!
|
Bottom of the 7th over - 1 run(s), 2 hit(s), 0 error(s), 1 left on base; Culver City 5 - La Crosse 3 |
TOP OF THE 8TH |
Culver City Extras batting - Pitching for La Crosse Loggers : LHP Luis Alemán
|
Now in CF: Troy Reed
|
|
Batting: RHB Pancho Reyna
|
0-0: Called Strike 0-1: Ball 1-1: Ground out 6-3 (Groundball, 6)
|
Batting: LHB Randy Wiggins
|
0-0: Ball 1-0: Ball 2-0: Ball 3-0: Called Strike 3-1: Ground out 3-1 (Groundball, 34)
|
Batting: RHB Augusto Trevino
|
0-0: Ball 1-0: Foul Ball, location: 2F 1-1: Foul Ball, location: 2F 1-2: Ball 2-2: Ball 3-2: Base on Balls
|
Batting: RHB Horace Johnson
|
0-0: Ball Augusto Trevino steals 2nd base 1-0: Called Strike 1-1: Swinging Strike 1-2: Foul Ball, location: 2F 1-2: Ball 2-2: Foul Ball, location: 2F 2-2: Ground out 4-3 (Groundball, 4)
|
Top of the 8th over - 0 run(s), 0 hit(s), 0 error(s), 1 left on base; Culver City 5 - La Crosse 3 |
BOTTOM OF THE 8TH |
La Crosse Loggers batting - Pitching for Culver City Extras : LHP Phil Paul
|
Batting: RHB Danny Campbell
|
0-0: Called Strike 0-1: Foul Ball, location: 2F 0-2: Ball 1-2: Ground out 4-3 (Groundball, 4S)
|
Batting: RHB Júlio Sánchez
|
0-0: Called Strike 0-1: Ball 1-1: Fly out, F1 (Line Drive, 13)
|
Batting: LHB Ralph Cobb
|
0-0: Called Strike 0-1: Swinging Strike 0-2: Foul Ball, location: 2F 0-2: Strikes out swinging
|
Bottom of the 8th over - 0 run(s), 0 hit(s), 0 error(s), 0 left on base; Culver City 5 - La Crosse 3 |
TOP OF THE 9TH |
Culver City Extras batting - Pitching for La Crosse Loggers : LHP Luis Alemán
|
Batting: RHB Ramón Molina
|
0-0: Swinging Strike 0-1: SINGLE (Groundball, 34D)
|
Batting: RHB Tony Cruz
|
0-0: Ball 1-0: Ball 2-0: Ball 3-0: Called Strike 3-1: Base on Balls Ramón Molina to second
|
Batting: RHB Cooper Richard
|
0-0: SINGLE (Flyball, 8RS) Ramón Molina to third Tony Cruz to second Runner from 3rd tries for Home, SAFE, throw made home Tony Cruz to third Cooper Richard to second
|
Batting: RHB Bob Magee
|
0-0: Intentional Walk
|
Pinch Hitting: RHB Ben Alexander
|
0-0: Ball 1-0: Ball 2-0: Ball 3-0: Called Strike 3-1: SINGLE (Groundball, 56) (infield hit) Tony Cruz scores Cooper Richard to third Bob Magee to second
|
Batting: RHB Pancho Reyna
|
0-0: Called Strike 0-1: DOUBLE (Line Drive, 8LD) Cooper Richard scores Bob Magee scores Ben Alexander to third
|
Pitching: RHP Michael Peterson
|
|
Batting: LHB Randy Wiggins
|
0-0: Called Strike 0-1: Foul Ball, location: 2F 0-2: Ball 1-2: Ball 2-2: SINGLE (Groundball, 4MD) Ben Alexander scores Pancho Reyna to third
|
Batting: RHB Augusto Trevino
|
0-0: Foul Ball, location: 2F 0-1: Ball 1-1: DOUBLE (Line Drive, 3D) Pancho Reyna scores Randy Wiggins to third
|
Batting: RHB Horace Johnson
|
0-0: Ball 1-0: Ball 2-0: Foul Ball, location: 2F 2-1: Ball 3-1: Called Strike 3-2: Base on Balls
|
Batting: RHB Max Alexander
|
0-0: Called Strike 0-1: Foul Ball, location: 2F 0-2: Ball 1-2: Foul Ball, location: 2F 1-2: Fly out, F6 (Line Drive, 6)
|
Batting: RHB Tony Cruz
|
0-0: Ball 1-0: Foul Ball, location: 2F 1-1: Foul Ball, location: 2F 1-2: Ground out 5-3 (Groundball, 56S) Randy Wiggins scores Augusto Trevino to third Horace Johnson to second
|
Batting: RHB Cooper Richard
|
0-0: Ball 1-0: Ground out 6-3 (Groundball, 6)
|
Top of the 9th over - 7 run(s), 6 hit(s), 0 error(s), 2 left on base; Culver City 12 - La Crosse 3 |
BOTTOM OF THE 9TH |
La Crosse Loggers batting - Pitching for Culver City Extras : LHP Phil Paul
|
Now at 1B: Max Alexander
|
|
Now at 2B: Jesús Lara
|
|
Now at 3B: Artie Pennington
|
|
Now at SS: Dave Anderson
|
|
Now in CF: Daniel Santiago
|
|
Batting: RHB Mark Arnold
|
0-0: Called Strike 0-1: Foul Ball, location: 2F 0-2: Ball 1-2: Ball 2-2: Ball 3-2: SOLO HOME RUN (Flyball, 7D), Distance : 350 ft
|
Batting: RHB Juan García
|
0-0: Ball 1-0: Swinging Strike 1-1: Ball 2-1: Called Strike 2-2: Foul Ball, location: 2F 2-2: Ball 3-2: Foul Ball, location: 2F 3-2: Strikes out looking
|
Batting: RHB Peter Bryant
|
0-0: Ball 1-0: Foul Ball, location: 2F 1-1: Called Strike 1-2: Strikes out swinging
|
Batting: RHB Aurelio Cruz
|
0-0: Ball 1-0: Swinging Strike 1-1: Foul Ball, location: 2F 1-2: Ball 2-2: Ball 3-2: Hit by Pitch
|
Batting: SHB José González
|
0-0: Ball 1-0: Swinging Strike 1-1: Called Strike 1-2: Foul Ball, location: 2F 1-2: Ball 2-2: Foul Ball, location: 2F 2-2: Foul Ball, location: 2F 2-2: Strikes out swinging, 2-3 out at first.
|
Bottom of the 9th over - 1 run(s), 1 hit(s), 0 error(s), 1 left on base; Culver City 12 - La Crosse 4 |
|